Map: Fields of Shazir

Players

Giustino

  • Race: Protoss Protoss
  • Spawn Location: 3:00

ZephyR

  • Race: Protoss Protoss
  • Spawn Location: 3:00

AbChero

  • Race: Zerg Zerg
  • Spawn Location: 5:00

BlackNova

  • Race: Zerg Zerg
  • Spawn Location: 9:00

Metasapien

  • Race: Zerg Zerg
  • League: Platinum
  • Spawn Location: 7:00

Loki

  • Race: Terran Terran
  • Spawn Location: 9:00

VOD

Have the link to the VOD?

Description

Time

  • Played on: Sept. 23, 2017, 9:03 p.m.
  • Length: 16:45
Show
View Real Time Build Order
Export as new Build Order

Giustino Protoss 

Build Orders:  

Get SALT Encoding   

  12  0:02  Probe (Chrono Boost)  
  13  0:13  Probe (Chrono Boost)  
  14  0:23  Probe (Chrono Boost)  
  14  0:25  Pylon  
  15  0:43  Probe (Chrono Boost)  
  16  0:54  Probe (Chrono Boost)  
  17  1:04  Probe (Chrono Boost)  
  18  1:16  Forge, Nexus  
  18  1:19  Probe (Chrono Boost)  
  19  1:30  Pylon  
  19  1:35  Probe (Chrono Boost)  
  20  1:44  Gateway  
  20  1:47  Assimilator  
  20  1:54  Probe (Chrono Boost)  
  20  1:55  Assimilator  
  21  2:05  Probe (Chrono Boost)  
  23  2:15  Probe (Chrono Boost)  
  23  2:26  Probe (Chrono Boost)  
  24  2:30  Photon Cannon  
  24  2:32  Photon Cannon x2  
  24  2:35  Probe (Chrono Boost)  
  25  2:46  Probe (Chrono Boost)  
  26  2:51  Cybernetics Core  
  26  2:56  Probe (Chrono Boost)  
  27  3:07  Probe (Chrono Boost)  
  28  3:18  Probe (Chrono Boost)  
  29  3:28  Probe (Chrono Boost)  
  29  3:29  Pylon  
  30  3:34  Stargate  
  30  3:39  Probe (Chrono Boost), Pylon  
  31  3:42  Stargate  
  31  3:45  Protoss Air Weapons Level 1 (Chrono Boost)  
  31  3:49  Probe (Chrono Boost)  
  31  3:54  Photon Cannon  
  32  3:58  Assimilator  
  32  4:00  Probe (Chrono Boost)  
  32  4:02  Assimilator  
  33  4:09  Probe (Chrono Boost)  
  34  4:28  Void Ray x2 (Chrono Boost)  
  42  4:48  Probe  
  43  4:54  Pylon  
  43  4:57  Pylon  
  43  5:00  Probe, Pylon  
  43  5:06  Void Ray (Chrono Boost)  
  48  5:12  Probe  
  49  5:14  Void Ray (Chrono Boost)  
  53  5:32  Photon Cannon  
  53  5:42  Protoss Air Armor Level 1  
  53  5:44  Void Ray (Chrono Boost)  
  57  5:52  Void Ray (Chrono Boost)  
  52  6:38  Photon Cannon  
  52  6:46  Void Ray x2 (Chrono Boost)  
  60  6:53  Probe  
  61  7:03  Stargate  
  61  7:06  Probe  
  62  7:15  Nexus  
  62  7:18  Probe  
  62  7:20  Assimilator  
  63  7:23  Void Ray (Chrono Boost)  
  63  7:24  Assimilator  
  63  7:29  Pylon  
  67  7:54  Probe  
  68  8:06  Probe  
  69  8:18  Probe  
  62  8:30  Probe  
  63  8:35  Void Ray x2 (Chrono Boost)  
  63  8:41  Void Ray (Chrono Boost)  
  75  8:42  Probe  
  71  9:18  Void Ray x2 (Chrono Boost)  
  83  9:24  Void Ray (Chrono Boost)  
  83  9:28  Nexus  
  83  9:49  Probe, Photon Cannon  
  84  9:53  Photon Cannon  
  84  10:01  Probe  
  85  10:13  Probe  
  79  11:40  Probe, Fleet Beacon  
  79  11:50  Probe  
  79  11:51  Pylon  
  79  11:53  Pylon  
  80  11:56  Pylon  
  80  11:57  Void Ray x2 (Chrono Boost)  
  92  12:01  Probe  
  92  12:03  Void Ray (Chrono Boost)  
  93  12:12  Probe  
  36  13:26  Protoss Air Weapons Level 2 (Chrono Boost)  
  28  13:29  Carrier (Chrono Boost)  
  28  13:33  Graviton Catapult  
  46  13:35  Carrier x2 (Chrono Boost)  
  46  13:52  Probe  
  46  13:54  Probe  
  48  14:04  Probe  
  48  14:05  Probe  
  50  14:15  Probe  
  51  14:45  Carrier  
  51  14:51  Probe  
  58  15:03  Probe  
  59  15:15  Probe  
  66  15:42  Probe  
  67  15:52  Probe  
Show
View Real Time Build Order
Export as new Build Order

ZephyR Protoss 

Build Orders:  

Get SALT Encoding   

  12  0:01  Probe (Chrono Boost)  
  13  0:11  Probe (Chrono Boost)  
  14  0:20  Pylon  
  14  0:25  Probe (Chrono Boost)  
  15  0:38  Probe (Chrono Boost)  
  15  0:42  Forge  
  16  0:49  Probe (Chrono Boost)  
  17  1:00  Probe (Chrono Boost)  
  17  1:03  Gateway  
  18  1:11  Probe (Chrono Boost), Assimilator  
  19  1:20  Photon Cannon  
  19  1:36  Pylon  
  19  1:41  Photon Cannon  
  18  1:55  Pylon  
  18  1:56  Cybernetics Core  
  18  2:10  Photon Cannon  
  18  2:17  Assimilator  
  18  2:33  Mothership Core (Chrono Boost)  
  21  2:51  Probe (Chrono Boost)  
  21  3:02  Probe (Chrono Boost)  
  21  3:04  Nexus  
  22  3:12  Probe (Chrono Boost)  
  23  3:23  Probe (Chrono Boost)  
  24  3:27  Pylon  
  24  3:34  Stargate  
  24  3:38  Probe (Chrono Boost)  
  25  3:49  Probe (Chrono Boost)  
  26  3:59  Probe (Chrono Boost)  
  27  4:08  Stargate  
  29  4:53  Void Ray (Chrono Boost)  
  29  4:54  Void Ray (Chrono Boost)  
  35  5:00  Probe  
  35  5:01  Probe  
  37  5:08  Pylon  
  37  5:12  Probe  
  37  5:13  Probe, Protoss Air Weapons Level 1  
  39  5:24  Pylon  
  39  5:25  Probe x2  
  39  5:27  Pylon  
  41  5:33  Assimilator  
  41  5:35  Assimilator  
  41  5:37  Probe x2  
  43  5:45  Void Ray (Chrono Boost)  
  43  5:49  Probe x2  
  49  5:55  Void Ray (Chrono Boost)  
  53  6:15  Probe, Robotics Facility  
  54  6:27  Void Ray (Chrono Boost)  
  58  6:39  Void Ray (Chrono Boost)  
  62  6:40  Probe x2  
  62  6:43  Photon Cannon  
  64  6:52  Probe  
  65  7:03  Observer  
  66  7:10  Probe  
  66  7:13  Probe, Fleet Beacon  
  68  7:22  Probe  
  69  7:25  Probe  
  66  7:54  Probe x2  
  68  7:58  Protoss Shields Level 1  
  68  7:59  Protoss Air Armor Level 1  
  68  8:06  Probe x2  
  70  8:15  Observer  
  70  8:17  Carrier x2 (Chrono Boost)  
  70  8:18  Probe  
  70  8:19  Probe  
  85  8:31  Pylon  
  85  8:40  Pylon  
  85  8:47  Nexus  
  85  8:56  Pylon  
  85  8:58  Pylon  
  97  9:31  Carrier x2 (Chrono Boost)  
  97  9:34  Graviton Catapult  
  97  9:43  Stargate  
  97  9:44  Stargate  
  97  9:53  Pylon  
  97  9:56  Pylon  
  97  10:00  Pylon  
  97  10:04  Probe  
  97  10:05  Probe  
  97  10:06  Probe  
  100  10:15  Probe  
  100  10:18  Probe x2  
  103  10:24  Photon Cannon  
  103  10:25  Photon Cannon  
  103  10:27  Photon Cannon  
  103  10:28  Photon Cannon  
  103  10:29  Photon Cannon x2  
  103  10:30  Probe x2  
  103  10:31  Photon Cannon  
  103  10:34  Assimilator  
  105  10:39  Assimilator  
  102  10:46  Carrier (Chrono Boost)  
  111  11:19  Carrier x2 (Chrono Boost)  
  111  11:33  Probe  
  111  11:34  Carrier (Chrono Boost), Probe  
  111  11:35  Probe  
  120  11:44  Probe  
  120  11:47  Probe x2  
  123  11:54  Probe, Protoss Air Weapons Level 2  
  123  11:59  Probe x2  
  126  12:03  Carrier (Chrono Boost)  
  126  12:05  Probe  
  133  12:11  Probe x2, Pylon  
  135  12:15  Probe  
  135  12:16  Pylon  
  135  12:17  Pylon  
  148  13:00  Carrier (Chrono Boost)  
  148  13:02  Carrier (Chrono Boost)  
  154  13:09  Carrier (Chrono Boost)  
  154  13:30  Carrier (Chrono Boost)  
  160  13:42  Photon Cannon  
  160  13:56  Pylon  
  160  13:57  Pylon x2  
  160  14:01  Nexus, Pylon  
  160  14:02  Pylon x3  
  160  14:05  Pylon  
  160  14:06  Pylon  
  160  14:09  Pylon  
  160  14:10  Pylon  
  160  14:13  Pylon  
  160  14:16  Pylon, Photon Cannon  
  166  14:19  Photon Cannon  
  166  14:26  Carrier (Chrono Boost)  
  167  14:47  Carrier (Chrono Boost)  
  179  14:55  Carrier (Chrono Boost)  
  179  14:58  Photon Cannon  
  179  14:59  Pylon x2  
  179  15:08  Cybernetics Core  
  179  15:31  Nexus  
Show
View Real Time Build Order
Export as new Build Order

AbChero Zerg 

Build Orders: Pool First 

Get SALT Encoding   

  12  0:01  Drone  
  13  0:13  Overlord  
  13  0:19  Drone  
  14  0:33  Drone x2  
  16  0:45  Spawning Pool  
  16  0:46  Drone  
  16  0:53  Overlord  
  16  1:05  Drone  
  16  1:08  Extractor  
  16  1:27  Drone  
  17  1:33  Zergling x4, Hatchery  
  18  1:43  Queen  
  20  1:52  Zergling x2  
  20  1:53  Zergling x2  
  22  2:01  Spine Crawler  
  21  2:09  Overlord  
  21  2:18  Metabolic Boost  
  21  2:31  Zergling x4  
  23  2:48  Lair  
  23  2:52  Drone x2  
  23  2:54  Extractor  
  24  3:06  Drone x2  
  26  3:13  Zergling x4  
  26  3:14  Zergling x2  
  29  3:22  Drone x2  
  31  3:41  Spine Crawler  
  30  3:47  Drone x4  
  34  4:05  Spire  
  33  4:12  Spore Crawler  
  32  4:17  Spore Crawler  
  31  4:52  Drone x2  
  33  4:53  Drone  
  33  4:56  Queen  
  36  5:06  Overlord  
  36  5:10  Overlord  
  36  5:29  Spore Crawler  
  36  5:32  Spore Crawler  
  36  5:35  Drone x3  
  37  5:36  Drone x3  
  37  5:39  Extractor  
  37  5:42  Extractor  
  38  5:59  Drone x3  
  41  6:21  Overseer  
  41  6:25  Overlord x3  
  41  6:31  Drone  
  41  6:32  Drone  
  43  6:35  Pneumatized Carapace  
  43  6:49  Overseer  
  43  6:50  Overlord x2  
  43  6:52  Drone x3  
  47  6:54  Drone x5  
  47  6:55  Drone  
  52  7:17  Overseer  
  52  7:19  Overseer  
  52  7:23  Zerg Flyer Weapons Level 1, Mutalisk  
  52  7:24  Mutalisk x5  
  64  7:35  Hatchery  
  63  7:44  Drone  
  63  7:46  Drone x2  
  63  7:47  Drone  
  63  7:48  Drone x2  
  69  7:58  Overseer  
  69  7:59  Overseer  
  69  8:00  Mutalisk x2  
  69  8:01  Mutalisk  
  75  8:18  Mutalisk x2  
  75  8:53  Mutalisk  
  75  8:54  Mutalisk x3  
  68  9:18  Mutalisk  
  68  9:19  Mutalisk  
  72  9:28  Mutalisk  
  74  9:53  Mutalisk x3  
  80  10:00  Extractor  
  80  10:03  Drone  
  80  10:04  Drone x5, Extractor  
  80  10:05  Drone x6  
  82  10:25  Mutalisk  
  82  10:26  Mutalisk x3  
  90  10:49  Mutalisk  
  86  10:50  Mutalisk  
  86  10:53  Drone  
  86  10:54  Drone x2  
  86  10:55  Drone x3  
  96  11:08  Zerg Flyer Weapons Level 2  
  96  11:16  Mutalisk  
  98  11:35  Overlord x2  
  98  11:36  Overlord  
  98  11:48  Overlord x3  
  98  12:06  Mutalisk x3  
  98  12:07  Mutalisk x5  
  114  12:19  Hatchery  
  113  12:26  Overlord x2  
  113  12:27  Overlord x3  
  113  12:37  Mutalisk x5  
  123  12:44  Overlord x4  
  123  12:46  Queen  
  75  13:14  Zergling x2  
  75  13:15  Zergling x24  
  82  13:45  Mutalisk  
  82  13:46  Mutalisk x10  
  82  13:48  Zergling x2  
  105  13:55  Extractor, Evolution Chamber, Zerg Flyer Armor Level 1  
  104  13:58  Extractor  
  102  14:08  Mutalisk  
  102  14:09  Mutalisk x2  
  108  14:16  Mutalisk  
  108  14:19  Zergling x2  
  108  14:20  Zergling x16  
  108  14:23  Drone x3  
  122  14:24  Drone x3  
  122  14:25  Drone x2  
  127  14:34  Zerg Melee Weapons Level 1  
  127  14:36  Mutalisk x2  
  127  14:38  Zergling x4  
  133  14:57  Overseer  
  133  15:02  Overseer  
  133  15:06  Mutalisk x2  
  133  15:07  Mutalisk x3  
  133  15:08  Zergling x2  
  133  15:09  Zergling x14  
  151  15:29  Mutalisk  
  151  15:30  Mutalisk x3  
  151  15:31  Zergling x2  
  151  15:32  Zergling x16  
  168  15:47  Mutalisk x4  
  168  15:49  Zergling x18  
  119  16:10  Mutalisk x3  
  124  16:12  Zergling x10  
Show
View Real Time Build Order
Export as new Build Order

BlackNova Zerg 

Build Orders: Pool First, Lurkers 

Get SALT Encoding   

  12  0:07  Drone  
  13  0:15  Drone  
  13  0:16  Extractor  
  13  0:22  Overlord  
  13  0:25  Drone  
  14  0:44  Spawning Pool  
  13  0:53  Drone x2  
  15  1:09  Overlord  
  15  1:31  Zergling x6  
  15  1:32  Queen  
  20  1:41  Metabolic Boost  
  20  1:55  Zergling x4  
  22  2:07  Zergling x2  
  23  2:11  Lair  
  23  2:15  Extractor  
  22  2:21  Drone  
  23  2:29  Drone  
  24  2:36  Spore Crawler  
  23  2:42  Drone x2  
  25  2:51  Overlord  
  24  3:07  Overlord  
  24  3:19  Hydralisk Den  
  19  3:31  Pneumatized Carapace  
  19  3:34  Drone x2  
  20  3:36  Drone  
  22  3:51  Lurker Den  
  22  3:59  Hydralisk  
  24  4:08  Hydralisk  
  26  4:14  Drone  
  27  4:17  Drone  
  28  4:47  Overlord  
  28  4:51  Nydus Network  
  27  5:18  Lurker x2  
  27  5:19  Overlord  
  27  5:20  Drone x2  
  31  5:30  Overseer  
  31  5:34  Hatchery  
  30  5:39  Zergling x2  
  31  5:45  Nydus Canal  
  31  5:53  Muscular Augments  
  27  6:22  Overlord x2  
  27  6:23  Drone x3  
  27  6:24  Drone  
  31  6:34  Overseer  
  31  6:44  Hydralisk  
  30  6:47  Hydralisk  
  32  7:03  Hydralisk  
  32  7:07  Queen  
  32  7:08  Overlord  
  36  7:09  Drone x2  
  37  7:24  Lurker x2  
  37  7:25  Drone  
  37  7:26  Drone  
  41  7:33  Extractor x2  
  39  7:57  Hydralisk  
  39  7:58  Hydralisk x4  
  49  8:14  Hydralisk  
  49  8:15  Hydralisk  
  53  8:21  Overlord  
  53  8:33  Nydus Canal  
  53  8:35  Zergling x8  
  53  8:36  Zergling x4  
  59  8:44  Zergling x4  
  59  8:45  Zergling x2  
  34  9:28  Drone x5  
  34  9:29  Drone x2  
  41  9:34  Infestation Pit  
  41  9:37  Overlord  
  40  9:48  Overseer  
  40  9:54  Overlord  
  40  9:56  Zergling x4  
  40  9:58  Zergling x2  
  43  10:02  Zergling x6  
  43  10:06  Evolution Chamber  
  45  10:14  Pathogen Glands  
  45  10:15  Infestor x2  
  45  10:20  Infestor  
  51  10:26  Overseer  
  51  10:39  Infestor x3  
  57  10:53  Hydralisk x2  
  51  11:11  Hydralisk x3  
  45  11:28  Hydralisk  
  44  11:41  Infestor  
  44  11:43  Overlord  
  46  11:51  Neural Parasite  
  46  12:14  Drone x2  
  46  12:15  Drone  
  49  12:29  Burrow  
  49  12:45  Hatchery  
  40  13:18  Hydralisk  
  40  13:19  Hydralisk x2  
  36  13:42  Infestor x2  
  36  13:46  Queen  
  42  14:15  Drone  
  42  14:16  Drone x2  
  45  14:23  Queen  
  47  14:41  Overlord  
  47  14:48  Overlord  
  47  14:49  Extractor  
  46  15:11  Infestor x2  
  50  15:15  Overlord  
  50  15:37  Infestor  
  50  15:39  Overlord  
  48  16:03  Zergling x12  
  48  16:04  Zergling x8  
Show
View Real Time Build Order
Export as new Build Order

Metasapien Zerg 

Build Orders: Pool First 

Get SALT Encoding   

  12  0:21  Spawning Pool  
  11  0:26  Overlord  
  11  0:32  Drone  
  12  0:37  Drone  
  12  0:42  Drone  
  15  0:50  Drone  
  15  0:56  Extractor  
  14  1:10  Zergling x2  
  14  1:11  Zergling x2  
  16  1:13  Spine Crawler  
  15  1:21  Drone  
  16  1:54  Drone  
  16  1:55  Drone x2, Hatchery  
  18  2:07  Drone  
  19  2:17  Drone  
  20  2:35  Overlord  
  20  2:41  Hatchery  
  20  2:42  Drone  
  20  2:50  Queen  
  22  3:08  Drone  
  22  3:09  Queen  
  22  3:12  Drone x2  
  27  3:13  Drone  
  28  3:28  Drone  
  28  3:29  Drone  
  30  3:37  Overlord  
  30  3:39  Overlord  
  30  3:41  Drone  
  31  3:46  Drone  
  32  3:53  Queen  
  34  3:56  Drone  
  35  4:05  Drone x2  
  35  4:06  Lair  
  37  4:10  Extractor  
  37  4:11  Drone  
  37  4:12  Drone  
  38  4:18  Overlord  
  38  4:22  Drone x2  
  40  4:27  Drone x2  
  40  4:28  Drone  
  40  4:29  Drone  
  44  4:31  Drone  
  45  4:40  Drone x2  
  47  4:47  Metabolic Boost  
  47  4:49  Roach Warren  
  47  4:52  Zergling x6  
  49  4:53  Zergling x2  
  50  5:01  Drone x5  
  50  5:06  Extractor  
  54  5:07  Extractor  
  54  5:09  Drone x4  
  57  5:18  Hydralisk Den  
  56  5:21  Drone  
  56  5:22  Drone  
  56  5:23  Drone x2  
  60  5:33  Overlord x2, Roach x2  
  60  5:34  Overlord  
  64  5:51  Muscular Augments  
  64  5:57  Extractor  
  64  5:58  Drone x4, Extractor  
  66  6:04  Drone x4  
  66  6:05  Drone x2  
  72  6:11  Overlord x2  
  72  6:12  Overlord x2  
  72  6:13  Nydus Network  
  71  6:21  Drone x2  
  71  6:22  Drone  
  74  6:32  Overseer  
  74  6:38  Overlord x3  
  74  6:40  Hydralisk  
  74  6:41  Hydralisk x5  
  86  6:49  Glial Reconstitution  
  86  6:59  Hydralisk  
  86  7:00  Roach x2  
  92  7:01  Zergling x2  
  92  7:02  Zergling x2, Roach  
  92  7:03  Roach  
  92  7:04  Zergling x4  
  100  7:13  Pneumatized Carapace  
  100  7:27  Overseer  
  100  7:31  Hydralisk  
  100  7:32  Roach x2, Hydralisk  
  100  7:33  Zergling x2  
  100  7:34  Zergling x8  
  113  7:43  Hydralisk x2  
  119  7:44  Roach  
  119  7:45  Roach  
  121  7:57  Hydralisk x3  
  123  8:19  Hydralisk x4  
  123  8:22  Drone x2  
  123  8:23  Drone  
  130  8:38  Evolution Chamber x2  
  109  9:03  Spore Crawler x2  
  107  9:12  Hydralisk  
  107  9:13  Hydralisk x4  
  107  9:14  Roach x2  
  107  9:15  Overlord x3  
  107  9:16  Overlord  
  121  9:21  Queen, Hatchery  
  122  9:33  Queen x2  
  126  9:38  Zerg Missile Weapons Level 1  
  126  9:39  Zerg Ground Armor Level 1, Hydralisk  
  126  9:40  Roach x3, Hydralisk x3  
  126  9:41  Hydralisk  
  142  10:00  Hydralisk x2  
  142  10:01  Hydralisk x2  
  142  10:05  Infestation Pit  
  127  10:20  Hydralisk x2  
  127  10:21  Hydralisk  
  113  10:22  Hydralisk  
  113  10:27  Hydralisk  
  119  10:32  Hydralisk  
  121  10:37  Drone  
  105  10:54  Hydralisk x4  
  105  10:55  Hydralisk  
  115  11:00  Zergling x10  
  115  11:01  Zergling x2  
  113  11:12  Hydralisk x3  
  101  11:27  Hydralisk x4  
  108  11:37  Hatchery  
  107  11:41  Roach  
  107  11:42  Roach x3  
  115  11:56  Hydralisk x2  
  115  11:57  Hydralisk x2  
  115  12:00  Zergling x14  
  130  12:01  Overlord  
  130  12:08  Zerg Missile Weapons Level 2  
  130  12:34  Hydralisk x5  
  140  12:42  Hatchery  
  139  12:50  Hydralisk x4  
  147  12:52  Zergling x2  
  147  12:53  Zergling x4  
  97  13:23  Hydralisk x3  
  97  13:24  Hydralisk x4  
  97  13:26  Zergling x4  
  101  13:42  Hydralisk x3  
  107  13:49  Overlord  
  107  13:51  Overlord  
  107  13:53  Overlord  
  107  13:54  Queen  
  109  13:55  Drone  
  110  14:05  Hatchery  
  109  14:11  Overseer  
  109  14:14  Hydralisk  
  109  14:15  Hydralisk x6  
  123  14:20  Drone, Extractor  
  123  14:21  Extractor  
  123  14:22  Hydralisk  
  123  14:24  Hydralisk  
  124  14:25  Zergling x14  
  124  14:30  Zergling x2  
  124  14:31  Zergling x6  
  137  14:37  Drone  
  138  14:49  Hydralisk x3  
  138  14:50  Hydralisk  
  146  15:02  Hydralisk x2  
  146  15:04  Overlord x4  
  146  15:05  Overlord  
  150  15:10  Nydus Canal  
  150  15:32  Hydralisk x5  
  150  15:33  Roach x3  
  150  15:34  Drone  
  167  15:47  Hydralisk x2  
  167  15:48  Roach x3  
  167  15:49  Roach x2  
  133  16:12  Hydralisk  
  133  16:13  Hydralisk  
  133  16:14  Zergling x16  
  133  16:15  Zergling x12  
Show
View Real Time Build Order
Export as new Build Order

Loki Terran 

Build Orders: Bio Mine 

Get SALT Encoding   

  12  0:03  SCV  
  13  0:15  SCV  
  13  0:19  Supply Depot  
  14  0:27  SCV  
  15  0:32  Refinery  
  15  0:41  SCV  
  16  0:46  Barracks  
  16  0:53  SCV  
  17  1:04  Barracks  
  17  1:07  SCV  
  18  1:28  SCV, Supply Depot  
  19  1:46  Factory  
  19  1:49  Marine  
  20  1:57  Marine  
  21  2:02  Orbital Command  
  21  2:08  Refinery, Marine  
  21  2:15  Marine  
  23  2:32  Factory Tech Lab  
  23  2:34  Supply Depot  
  23  2:38  Supply Depot  
  23  2:41  SCV  
  24  2:44  Marine x2  
  26  2:54  Siege Tank  
  29  3:02  Marine  
  30  3:15  Marine  
  31  3:20  Marine  
  31  3:26  Siege Tank  
  35  3:33  Marine  
  36  3:37  Marine  
  36  3:41  SCV  
  38  3:46  Engineering Bay  
  38  3:58  Supply Depot  
  37  4:24  Marine x2  
  33  4:31  SCV  
  33  4:33  Siege Tank  
  33  4:37  Supply Depot  
  37  4:41  Missile Turret  
  37  4:42  Marine x2  
  37  4:43  SCV  
  30  4:56  SCV  
  30  4:59  Marine  
  31  5:00  Marine  
  33  5:16  SCV  
  33  5:17  Command Center, Marine x2  
  36  5:22  Widow Mine  
  38  5:29  Missile Turret  
  38  5:35  Marine x2  
  40  5:53  Supply Depot, Marine x2  
  42  5:59  Refinery  
  42  6:11  Marine  
  43  6:25  Barracks Tech Lab  
  43  6:31  Refinery, Barracks  
  43  6:36  Barracks Reactor  
  43  6:41  Orbital Command  
  43  6:57  Stimpack  
  43  6:59  Terran Infantry Weapons Level 1  
  43  7:09  SCV x2  
  43  7:15  Starport  
  45  7:21  SCV  
  46  7:23  Marine x2  
  46  7:24  Marine  
  49  7:41  Marine x2  
  50  7:51  Command Center  
  50  7:53  Marine  
  49  7:59  Widow Mine, Marine x2  
  53  8:11  Marine  
  53  8:12  Starport Reactor  
  54  8:14  Supply Depot  
  54  8:17  Marine x2  
  56  8:29  Marine  
  57  8:34  Marine  
  57  8:35  Marine  
  57  8:38  Widow Mine  
  61  8:46  Marine  
  61  8:47  Supply Depot  
  62  8:53  Terran Infantry Armor Level 1  
  62  8:58  Combat Shields  
  62  8:59  Armory  
  62  9:04  SCV, Marine  
  62  9:08  Orbital Command  
  64  9:15  Widow Mine  
  66  9:22  Medivac x2  
  70  9:25  Supply Depot  
  70  9:30  Marine x3  
  70  9:31  Barracks Reactor  
  73  9:43  Widow Mine, SCV  
  76  9:47  Marine  
  76  9:48  Marine x2  
  76  9:51  Supply Depot  
  79  10:06  Marine x3  
  82  10:07  Medivac x2  
  82  10:13  Supply Depot  
  86  10:16  Concussive Shells  
  86  10:23  Marine  
  67  10:58  Viking x2  
  67  11:01  Widow Mine  
  73  11:07  Drilling Claws  
  73  11:27  Marine x3  
  73  11:28  Viking, Marine  
  79  11:34  Widow Mine  
  81  11:44  Supply Depot  
  81  11:45  Terran Vehicle And Ship Armor Level 1  
  81  11:48  Factory  
  81  11:51  Marine x3  
  81  11:53  Marine  
  85  12:03  Widow Mine  
  87  12:31  Widow Mine  
  87  12:32  Marine x5  
  81  12:49  Marine  
  81  12:50  Marine  
  83  13:00  Factory Reactor, Widow Mine  
  85  13:11  Marine x5  
  88  13:29  Widow Mine  
  90  13:34  Supply Depot  
  90  13:35  SCV  
  91  13:49  Marine x4  
  95  14:00  Factory Tech Lab  
  95  14:03  Widow Mine x2  
  99  14:16  Terran Vehicle And Ship Armor Level 2  
  95  14:32  Widow Mine x2  
  73  14:52  Widow Mine  
  75  15:00  Widow Mine  
  75  15:01  Widow Mine  
  79  15:08  Marine x5  
  79  15:13  Medivac  
  86  15:20  Widow Mine  
  88  15:25  Marine x2  
  90  15:29  Widow Mine x2  
Tags
 
Add a new tag
Caveats
  • Supply blocks, unpowered buildings, or Contaminate may cause inaccurate times.
  • Supply counts are checked every 10 seconds.